AoeStats
← Atomic

Arabia

508254550Analyzed
2v2 RM · 10d ago on Sep 21, 2026· 63m 38s· 4 players
Game mode
Random Map
Map size
Medium (4 player)
Population
200
Speed
Normal
Resources
Standard
Victory
Conquest
Starting age
Dark Age
Ending age
Imperial Age
RankedLock teamsTeams togetherTeam positionsShared explorationLock speedFull tech treeHidden civsTurbo modeCheats
Victory
Defeat
🇩🇪 Huns · Germany
914
+15
🇮🇳 Franks · India
875
+16
🇪🇸 Lithuanians · Spain
884
-16
🇪🇸 Romans · Spain
883
-15
Owen Knight
13:42 Feudal Age
15:34 Double-Bit Axe
16:38 Gold Mining
17:21 Scale Barding Armor
19:28 Castle Age
37:19 Bow Saw
38:03 #83
40:30 Imperial Age
39:13 Gold Shaft Mining
41:16 Chivalry
41:38 Husbandry
40:59 Cavalier
47:08 Caravan
50:48 Chain Barding Armor
50:39 Forging
52:43 Paladin
55:12 Plate Barding Armor
55:13 Iron Casting
56:43 Scale Mail Armor
56:52 Stone Mining
58:12 Blast Furnace
Atomic
10:28 Feudal Age
12:16 Double-Bit Axe
18:41 Castle Age
17:38 Horse Collar
25:36 Wheelbarrow
24:47 Loom
36:47 Imperial Age
34:34 Hand Cart
37:28 Heavy Plow
37:47 Heavy Cavalry Archer
38:53 Parthian Tactics
39:10 Bow Saw
39:36 Ballistics
40:10 Conscription
39:57 Padded Archer Armor
39:48 Fletching
41:04 Two-Man Saw
41:27 Marauders
40:48 Elite Tarkan
43:14 Pikeman
43:55 Squires
50:37 Caravan
51:07 Coinage
50:48 Guilds
50:25 Halberdier
Viking_Santako
4:16 Loom
11:01 Feudal Age
11:46 Man-at-Arms
16:11 Scale Mail Armor
24:13 Castle Age
24:24 Scale Barding Armor
24:34 Forging
24:17 Pikeman
24:57 Squires
25:03 Husbandry
39:06 Bloodlines
45:51 Long Swordsman
gosi1991
3:45 Loom
11:42 Feudal Age
12:18 Double-Bit Axe
12:41 Horse Collar
20:32 Castle Age
18:33 Gold Mining
22:52 Bow Saw
23:45 Wheelbarrow
22:48 Pikeman
24:03 Scale Mail Armor
25:20 Stone Mining
25:22 Town Watch
26:03 Squires
26:50 Hand Cart
31:11 Chain Mail Armor
31:08 Forging
34:50 Iron Casting
39:01 Imperial Age
36:22 Arson
38:38 Stone Shaft Mining
40:08 Conscription
41:21 Murder Holes
42:04 Scale Barding Armor
41:39 Onager
47:44 Tower Shields
Connection lost

Rejoining the realm…

Still unreachable

The connection could not be restored.

Session expired

The server has moved on; the page needs a fresh start.